 Dungeon Crawl Stone Soup version 0.26-a0-652-gafc20e3620 (console) character file.

Game seed: 10387366975307081536

1740 gonzalisten the Basher (level 8, -2/74 HPs)
             Began as a Minotaur Berserker on Oct 2, 2020.
             Was a Priest of Trog.
             Engulfed by a cloud of steam (5 damage)
             ... on level 7 of the Dungeon.
             The game lasted 00:32:03 (5170 turns).

gonzalisten the Basher (Minotaur Berserker)         Turns: 5170, Time: 00:32:04

Health: -2/74      AC:  6    Str: 23    XL:     8   Next: 77%
Magic:  0/7        EV: 16    Int:  4    God:    Trog [***...]
Gold:   230        SH:  0    Dex: 11    Spells: 7/7 levels left

rFire    . . .     SeeInvis .   a - +0 mace
rCold    . . .     Faith    .   (no shield)
rNeg     . . .     Spirit   +   m - +0 ring mail
rPois    .         Reflect  .   (helmet restricted)
rElec    .         Harm     .   (no cloak)
rCorr    .         Rampage  .   (no gloves)
MR       .....                  (no boots)
Stlth    +.........             k - amulet of guardian spirit
HPRegen  0.22/turn              g - +4 ring of evasion
MPRegen  0.10/turn              (no ring)

@: no status effects
A: retaliatory headbutt, horns 2
a: Berserk, Trog's Hand, Renounce Religion


You were on level 7 of the Dungeon.
You worshipped Trog.
Trog was most pleased with you.
You visited 2 branches of the dungeon, and saw 7 of its levels.

You collected 230 gold pieces.

Inventory:

Hand Weapons
 a - a +0 mace (weapon)
Armour
 m - a +0 ring mail (worn)
Jewellery
 g - a +4 ring of evasion (left hand)
 k - an amulet of guardian spirit (around neck)
 v - an uncursed ring of magical power
 w - an uncursed ring of ice {unknown}
Wands
 s - a wand of iceblast (5)
 u - a wand of polymorph (4)
Scrolls
 b - a scroll of amnesia {unknown}
 c - a scroll of teleportation
 e - 2 scrolls of identify
 h - a scroll of immolation {unknown}
 l - 2 scrolls of remove curse {unknown}
 o - a scroll of magic mapping {unknown}
 r - 2 scrolls of fog {unknown}
 t - a scroll of acquirement {unknown}
Potions
 d - 2 potions of flight {unknown}
 f - 4 potions of stabbing
 i - a potion of brilliance {unknown}
 j - a potion of berserk rage {unknown}
 n - 2 potions of haste {unknown}
 p - 3 potions of ambrosia {unknown}
 q - a potion of might {unknown}
 x - a potion of curing {unknown}
 z - a potion of cancellation {unknown}


   Skills:
 * Level 7.8 Fighting
 * Level 10.9 Maces & Flails
 + Level 4.5 Armour
 - Level 3.5 Dodging
 - Level 0.1 Stealth


You had 7 spell levels left.
You didn't know any spells.
Your spell library contained the following spells:

 Spells                   Type           Power        Failure   Level
 Animate Skeleton         Necr           #.....       65%         1
 Apportation              Tloc           #.....       65%         1
 Corona                   Hex            #......      65%         1
 Summon Small Mammal      Summ           #...         65%         1
 Summon Lightning Spire   Summ/Air       #.......     100%        4
 Silence                  Hex/Air        #.........   100%        5
 Conjure Ball Lightning   Conj/Air       #.........   100%        6
 Tornado                  Air            #.........   100%        9


Dungeon Overview and Level Annotations

Branches:
Dungeon (7/15)             Temple (1/1) D:6

Altars:
Ashenzari
Elyvilon
Fedhas
Gozag
Makhleb
Qazlal
Ru
Sif Muna
Uskayaw
Vehumet
Xom
Yredelemnul
Zin
The Shining One
Lugonu

Shops:
D:5 ![?


Innate Abilities, Weirdness & Mutations

You reflexively headbutt those who attack you in melee.
You have a pair of horns on your head.


Message History

The steam dragon is heavily wounded.
You hit the steam dragon. You headbutt the steam dragon.
The steam dragon is severely wounded.
The steam dragon bites you!
* * * LOW HITPOINT WARNING * * *
The steam dragon claws you but does no damage.
You sock the steam dragon!
The steam dragon is almost dead.
The steam dragon breathes steam at you. The ball of steam hits you!
* * * LOW HITPOINT WARNING * * *
You sock the steam dragon!
You kill the steam dragon!
Trog accepts your kill.
You feel your dexterity returning.
You are engulfed in a cloud of scalding steam.
The fungus is engulfed in a cloud of scalding steam.
A nearby fungus withers and dies.
You are engulfed in a cloud of scalding steam.
You die...

>........###........##..#######.#
##.....#.# #.##.##..##..........#
##.....#.###.##.##..###.#######.#
.......#.##...#.##..##...######.#
.#####..........##..<............
.# ###.##...#.##..##...#####.##
.# #............(..#### ##.##
.###########....#....###≈.###....
.#..≈^≈###.....#######≈.P...##.##
......≈.≈#######§...≈......≈##.#
##..≈≈.≈.(≈≈..§§@§†..........#.#
#...........§.§§....?.......#.#
#..≈≈.≈..P).#########......P#.#
#..≈P######## #..≈≈^##.# ######
.##≈≈P###.# #.##### #.#
##.##.####.##
#.######...#........
#....<......#####.##
######.......####.#
#............##


There were no monsters in sight!

Vanquished Creatures
  Eustachio (D:6)
  A steam dragon (D:7)
  2 necrophages
  An ogre (D:5)
  3 centaurs
  A big kobold (D:7)
  A scorpion (D:5)
  4 wights (D:6)
  2 bullfrog zombies
  A quasit (D:7)
  3 jellies
  2 orc priests
  2 bullfrog skeletons (D:6)
  3 orc wizards (D:6)
  A worker ant (D:6)
  A howler monkey zombie (D:7)
  3 gnolls (D:6)
  8 adders
  2 white imps (D:7)
  An ooze (D:2)
  2 worms (D:2)
  2 dart slugs (D:2)
  5 leopard geckos
  8 orcs
  2 ball pythons (D:1)
  3 bats (D:2)
  A giant cockroach (D:5)
  4 goblins
  5 hobgoblins
  9 jackals
  9 kobolds
  2 quokkas
  3 frilled lizards
  6 rats
104 creatures vanquished.

Vanquished Creatures (others)
  A steam dragon (D:7)
  An orc wizard (D:6)
  2 demonic plants (Temple)
  12 fungi (D:7)
16 creatures vanquished.

Grand Total: 120 creatures vanquished

Notes
Turn   | Place    | Note
-------+----------+-------------------------------------------
     0 | D:1      | gonzalisten the Minotaur Berserker began the quest for the
                  | Orb.
     0 | D:1      | Reached XP level 1. HP: 19/19 MP: 0/0
   599 | D:1      | Reached XP level 2. HP: 27/27 MP: 1/1
   656 | D:2      | Reached skill level 4 in Maces & Flails
   769 | D:2      | Reached XP level 3. HP: 34/34 MP: 2/2
   927 | D:2      | Reached ** piety under Trog
   927 | D:2      | Reached XP level 4. HP: 41/41 MP: 3/3
  1288 | D:3      | Found a stormy altar of Qazlal.
  1288 | D:3      | Found a radiant altar of Vehumet.
  1289 | D:3      | Found a shimmering blue altar of Sif Muna.
  1306 | D:3      | Found a broken altar of Ashenzari.
  1433 | D:3      | You fall into a shaft and drop 2 floors!
  1433 | D:5      | Entered Level 5 of the Dungeon
  1435 | D:5      | Found a shimmering blue altar of Sif Muna.
  1517 | D:5      | Found Wadefon's Distillery.
  1536 | D:5      | Noticed a centaur
  1538 | D:5      | Noticed an ogre
  1546 | D:5      | Killed an ogre
  1546 | D:5      | Reached skill level 5 in Fighting
  1546 | D:5      | Reached skill level 5 in Maces & Flails
  1546 | D:5      | Reached XP level 5. HP: 41/48 MP: 2/4
  1548 | D:5      | Killed a centaur
  1649 | D:5      | Found a sacrificial altar of Ru.
  1660 | D:5      | Reached XP level 6. HP: 56/56 MP: 5/5
  1770 | D:5      | Reached skill level 6 in Maces & Flails
  1891 | D:5      | Found Oscham's Antique Armour Shop.
  1920 | D:5      | Found a basalt altar of Yredelemnul.
  2414 | D:5      | Found Evua's Magic Scroll Boutique.
  2641 | D:6      | Reached skill level 7 in Maces & Flails
  2920 | D:6      | Reached XP level 7. HP: 62/62 MP: 6/6
  3031 | D:6      | Found a sand-covered staircase.
  3265 | D:6      | Noticed Eustachio
  3315 | D:6      | Killed Eustachio
  3315 | D:6      | Reached skill level 8 in Maces & Flails
  3609 | D:6      | Found a staircase to the Ecumenical Temple.
  3620 | Temple   | Entered the Ecumenical Temple
  3702 | D:6      | Reached skill level 9 in Maces & Flails
  3909 | D:6      | Noticed an angel
  3910 | D:6      | Found a shimmering altar of Xom.
  3919 | D:6      | Reached XP level 8. HP: 61/71 MP: 5/7
  3920 | D:6      | Found a glowing silver altar of Zin.
  4116 | D:6      | Reached *** piety under Trog
  4116 | D:6      | Reached skill level 10 in Maces & Flails
  5168 | D:7      | HP: 2/73 [steam dragon/ball of steam (15)]
  5170 | D:7      | Engulfed by a cloud of steam

Illustrated notes

Levels and vault maps discovered:
D:1:      minmay_arrival_jagged, layout_basic, interstate_on_off
D:2:      layout_rooms, grunt_ministairs_2, chequers_hall_statues_wall_a,
          minmay_tree_intersection
D:3:      cheibrodos_greedy_goblins, layout_rooms,
          ashenzari_conservatory_becter, old_standard_altar,
          nicolae_overflow_quartered_altars, kennysheep_generic_room_3
D:5:      layout_basic, nicolae_ru_sacrificial_ziggurat, old_standard_altar,
          serial_shops, kennysheep_mini_moat, shop, shop, basic_altar
D:6:      layout_loops_ring, grunt_temple_overflow_order_and_chaos_1,
          minmay_temple_entry_poolview, enter_ossuary_1, hangedman_decor_push,
          uniq_eustachio
D:7:      kennysheep_steamy, layout_loops_ring
Temple:   corrupted_temple

Skill      XL: |  1  2  3  4  5  6  7  8 |
---------------+-------------------------+-----
Fighting       | 4 5 6 7 |  7.8
Maces & Flails | 4 5 7 9 10 | 10.9
Armour         | 3 4 |  4.5
Dodging        | 3 |  3.5
Stealth        | |  0.1

Action                   |  1- 3 |  4- 6 |  7- 9 || total
-------------------------+-------+-------+-------++-------
Melee: Mace              |    54 |    93 |   152 ||   299
       Headbutt          |    10 |    16 |    33 ||    59
       Unarmed           |       |       |    26 ||    26
  Use: Scroll            |     3 |     1 |     1 ||     5
Armor: Leather armour    |    18 |       |       ||    18
       Ring mail         |       |    28 |    32 ||    60
       Skin              |       |       |     8 ||     8
Dodge: Dodged            |    61 |    74 |   158 ||   293

Table legend: (Time is in decaauts)
 A = Elapsed time spent in this place.
 B = Non-inter-level travel time spent in this place.
 C = Inter-level travel time spent in this place.
 D = Time resting spent in this place.
 E = Time spent auto-exploring this place.
 F = Levels seen in this place.
 G = Mean time per level.
                   A        B        C        D        E       F      G
               +--------+--------+--------+--------+--------+-----+--------+
         Total |   5174 |   5083 |     91 |    767 |   3343 |   7 |  739.1 |
       Dungeon |   5119 |   5028 |     91 |    767 |   3316 |   6 |  853.2 |
        Temple |     54 |     54 |      0 |      0 |     27 |   1 |   54.0 |
               +--------+--------+--------+--------+--------+-----+--------+

Top non-repeatable levels by time:
     D:6: 1799 daAuts
     D:5: 1076 daAuts
     D:7: 795 daAuts
     D:1: 753 daAuts
     D:2: 495 daAuts
     D:3: 199 daAuts
  Temple: 54 daAuts
